Map: New Repugnancy LE

Players

Serral

  • Race: Zerg Zerg
  • Spawn Location: 7:00

Reynor - Winner!

  • Race: Zerg Zerg
  • League: Master
  • Spawn Location: 1:00

Event: 2019 WCS Winter Europe

VOD

Have the link to the VOD?

Description

Time

  • Played on: April 7, 2019, 6:01 p.m.
  • Length: 54:34

All games in this series

Show
View Real Time Build Order
Export as new Build Order

Serral Zerg 

Build Orders: Hatch First 

Get SALT Encoding   

  12  0:00  Drone  
  13  0:12  Overlord  
  13  0:17  Drone  
  14  0:30  Drone x2  
  16  0:47  Hatchery  
  15  0:51  Drone  
  15  0:54  Drone  
  17  0:58  Drone  
  18  1:08  Extractor  
  17  1:13  Spawning Pool  
  17  1:16  Drone  
  17  1:20  Drone  
  18  1:28  Drone  
  19  1:38  Drone  
  20  1:49  Drone  
  21  1:59  Overlord  
  21  2:00  Queen x2  
  21  2:01  Zergling x2  
  26  2:08  Metabolic Boost  
  26  2:10  Drone  
  26  2:12  Drone  
  28  2:21  Drone  
  28  2:22  Drone  
  30  2:35  Hatchery  
  29  2:37  Drone  
  29  2:39  Drone  
  31  2:45  Overlord  
  31  2:46  Drone  
  32  2:53  Drone  
  32  2:54  Drone  
  32  2:57  Evolution Chamber  
  33  3:04  Zergling x4  
  35  3:07  Drone  
  35  3:08  Drone x3  
  35  3:11  Zergling x2  
  40  3:15  Overlord  
  40  3:19  Zergling x4  
  42  3:23  Zerg Missile Weapons Level 1  
  42  3:28  Queen  
  44  3:37  Drone x2  
  44  3:41  Roach Warren, Drone  
  46  3:42  Drone  
  46  3:45  Drone x2  
  49  3:49  Overlord  
  49  3:51  Drone  
  49  3:54  Drone  
  49  3:55  Drone  
  52  3:57  Drone  
  52  4:00  Extractor x2  
  52  4:02  Drone  
  52  4:06  Drone x3  
  55  4:11  Lair  
  55  4:15  Zergling x4  
  57  4:18  Zergling x4  
  57  4:23  Overlord  
  61  4:24  Zergling x4  
  61  4:28  Evolution Chamber  
  59  4:34  Zergling x2  
  59  4:35  Zergling x4  
  58  4:39  Zergling x8  
  58  4:45  Zergling x4  
  58  4:50  Zergling x2  
  58  4:51  Zergling x6  
  47  5:00  Queen  
  47  5:02  Queen  
  47  5:03  Zergling x2  
  47  5:06  Zergling x4  
  54  5:11  Zergling x6  
  57  5:18  Roach x2  
  61  5:22  Roach  
  54  5:30  Zergling x10  
  50  5:35  Roach  
  50  5:39  Ravager  
  50  5:40  Roach x2  
Show
View Real Time Build Order
Export as new Build Order

Reynor Zerg - Winner!

Build Orders: Hatch First 

Get SALT Encoding   

  12  0:01  Drone  
  13  0:12  Overlord  
  13  0:17  Drone  
  14  0:30  Drone x2  
  16  0:48  Hatchery  
  15  0:52  Drone  
  15  0:55  Drone  
  17  1:00  Drone  
  17  1:03  Extractor  
  17  1:15  Spawning Pool  
  17  1:18  Drone  
  17  1:21  Drone  
  18  1:28  Drone  
  19  1:38  Drone  
  20  1:49  Evolution Chamber  
  20  1:50  Drone  
  20  2:01  Queen x2  
  20  2:03  Drone  
  20  2:07  Drone  
  26  2:11  Drone  
  27  2:16  Zerg Melee Weapons Level 1  
  27  2:21  Overlord  
  27  2:25  Zergling x2  
  28  2:41  Zergling x2  
  28  2:43  Drone x2  
  31  2:46  Metabolic Boost  
  31  2:47  Queen  
  33  2:53  Evolution Chamber  
  33  2:56  Drone  
  33  3:02  Roach Warren  
  32  3:07  Zergling x4  
  32  3:08  Zergling x2  
  35  3:13  Evolution Chamber  
  35  3:17  Overlord  
  34  3:21  Zergling x4  
  36  3:29  Overlord  
  36  3:36  Zergling x4  
  36  3:37  Zergling x2  
  38  3:43  Zergling x2  
  38  3:45  Zergling x2  
  38  3:47  Zergling x2  
  41  3:50  Zergling x2  
  41  3:51  Zergling x2  
  41  3:54  Zergling x2  
  44  3:56  Zergling x2  
  44  3:59  Zergling x2  
  44  4:00  Zergling x2  
  47  4:04  Zergling x2  
  47  4:05  Zergling x2  
  47  4:08  Zergling x2  
  50  4:10  Zergling x2  
  51  4:17  Zergling x2  
  51  4:19  Overlord  
  51  4:32  Zergling x2  
  51  4:33  Zergling x2  
  51  4:36  Zergling x4  
  51  4:40  Zergling x6  
  51  4:41  Zergling x2  
  51  4:44  Zergling x2  
  48  4:49  Zergling x6  
  48  4:52  Zergling x2  
  48  4:57  Zergling x2  
  47  5:02  Queen  
  47  5:04  Zergling x2  
  47  5:06  Zergling x2  
  51  5:14  Zergling x2  
  52  5:17  Zergling x6  
  52  5:18  Zergling x2  
  55  5:24  Zergling x2  
  54  5:28  Zergling x6  
  54  5:30  Zergling x2  
  54  5:31  Queen  
  53  5:39  Zergling x4  
Tags
 
Add a new tag
Caveats
  • Supply blocks, unpowered buildings, or Contaminate may cause inaccurate times.
  • Supply counts are checked every 10 seconds.